[Event "Wednesday April 4 Engine Tour 9 Rd Swiss 12m+1s Starts at 1600hrs ST"]
[Site "Infinity Chess"]
[Date "2018.4.4"]
[Round "5"]
[White "MCDermont"]
[Black "Brtroy"]
[Result "1/2-1/2"]
[ECO "D30"]
[WhiteElo "2505"]
[BlackElo "2523"]
[WhiteEngine "BrainFish 010418 WM_CTG"]
[BlackEngine "Stockfish_18040103_x64_bmi2_CTG"]
[EventType "Swiss"]
[WhiteTeam ""]
[BlackTeam ""]
[PlyCount "77"]
[TimeControl "720+1"]

1. d4 d5 2. c4 e6 3. Nf3 Nf6 4. Nc3 c6 5. Bg5 h6 6. Bxf6 Qxf6 7. e3 Nd7 
8. Be2 g6 9. O-O Bg7 10. e4 dxe4 11. Nxe4 Qf4 12. Qc2 f5 13. Ned2 c5 14. g3 Qc7 
15. Nh4 Bxd4 16. Nxg6 Rg8 17. Nh4 Nf6 18. Ndf3 Rxg3+ 19. hxg3 Qxg3+ 20. Ng2 Ng4 
21. Qd2 Bxf2+ 22. Rxf2 Qxf2+ 23. Kh1 Bd7 24. Ne5 O-O-O 25. Nxg4 fxg4 26. Rd1 h5 
27. b3 b6 28. Qd3 Qf5 29. Kg1 Qxd3 30. Rxd3 Be8 31. Kf2 Rxd3 32. Bxd3 Kd8 
33. Kg3 Ke7 34. Nf4 Kf6 35. Kh4 Ke5 36. Ne2 Kf6 37. Nf4 Ke5 38. Ne2 Kf6 39. Nf4 
1/2-1/2

[Event "Wednesday April 4 Engine Tour 9 Rd Swiss 12m+1s Starts at 1600hrs ST"]
[Site "Infinity Chess"]
[Date "2018.4.4"]
[Round "4"]
[White "Vimtiroba"]
[Black "Mr Aj"]
[Result "1/2-1/2"]
[ECO "B23"]
[WhiteElo "2379"]
[BlackElo "2429"]
[WhiteEngine "AsmFish@ ''A3''_CTG"]
[BlackEngine "Houdini 6"]
[EventType "Swiss"]
[WhiteTeam ""]
[BlackTeam ""]
[PlyCount "79"]
[TimeControl "720+1"]

1. e4 c5 2. Nc3 d6 3. Nf3 a6 4. d4 cxd4 5. Nxd4 Nf6 6. Be3 e5 7. Nb3 Be7 
8. Be2 Be6 9. O-O O-O 10. Qd3 Nc6 11. a3 Rc8 12. Nd5 Nd7 13. Qd2 h6 14. Rad1 Bg5 
15. Bxg5 hxg5 16. Qe3 g4 17. c4 Qh4 18. Rd3 Rfd8 19. Qg3 g5 20. Qxh4 gxh4 
21. f3 gxf3 22. gxf3 a5 23. f4 a4 24. Nd2 Kg7 25. Kh1 Rh8 26. Ne3 Nc5 
27. Rxd6 Rhd8 28. Rg1+ Kf8 29. Rxd8+ Rxd8 30. Nd5 exf4 31. Rg5 Rd6 32. Rh5 Bxd5 
33. Rxd5 Rxd5 34. cxd5 Nd4 35. Bf1 Ke7 36. Kg2 Kd6 37. Nc4+ Ke7 38. Nd2 Kd6 
39. Nc4+ Ke7 40. Nd2 1/2-1/2

[Event "Wednesday April 4 Engine Tour 9 Rd Swiss 12m+1s Starts at 1600hrs ST"]
[Site "Infinity Chess"]
[Date "2018.4.4"]
[Round "4"]
[White "angriff"]
[Black "Seliga"]
[Result "1/2-1/2"]
[ECO "C53"]
[WhiteElo "2404"]
[BlackElo "2471"]
[WhiteEngine "DracoREX 3.07 64BIT POPCNT_CTG"]
[BlackEngine "SF9 ''M24''_CTG"]
[EventType "Swiss"]
[WhiteTeam ""]
[BlackTeam ""]
[PlyCount "90"]
[TimeControl "720+1"]

1. e4 e5 2. Nf3 Nc6 3. Bc4 Bc5 4. c3 Nf6 5. d3 a5 6. O-O d6 7. Bg5 h6 8. Bh4 O-O 
9. a4 Be6 10. Nbd2 Qe7 11. Bb5 Ba7 12. Re1 g5 13. Bg3 Ne8 14. Nb3 f5 
15. Bxc6 bxc6 16. exf5 Rxf5 17. d4 Qf7 18. Ra3 Bd5 19. dxe5 Bxf3 20. gxf3 Rxf3 
21. Nd4 Bxd4 22. cxd4 Rxa3 23. bxa3 Ng7 24. exd6 cxd6 25. Bxd6 Nf5 26. Be5 Rd8 
27. Qg4 c5 28. dxc5 Nh4 29. f4 Qd5 30. Re3 Nf5 31. Re1 Qxc5+ 32. Kf1 Rf8 
33. Qf3 gxf4 34. Qe4 f3 35. Bf4 Ng7 36. Be5 Nf5 37. Bb2 Qa7 38. Qc6 Kh7 
39. Qe6 h5 40. Bf6 Qc5 41. Bb2 Qc2 42. Qd7+ Kg8 43. Qe6+ Kh7 44. Qd7+ Kg6 
45. Qe6+ Kh7 1/2-1/2

[Event "Wednesday April 4 Engine Tour 9 Rd Swiss 12m+1s Starts at 1600hrs ST"]
[Site "Infinity Chess"]
[Date "2018.4.4"]
[Round "4"]
[White "ocirema"]
[Black "CrapCleaner"]
[Result "1/2-1/2"]
[ECO "C50"]
[WhiteElo "2409"]
[BlackElo "2418"]
[WhiteEngine "asmFishW_2018-04-01_popcnt_CTG"]
[BlackEngine "Raubfisch ME262_GTZ16e2_CTG"]
[EventType "Swiss"]
[WhiteTeam ""]
[BlackTeam ""]
[PlyCount "81"]
[TimeControl "720+1"]

1. e4 e5 2. Nf3 Nc6 3. Bc4 Bc5 4. O-O Nf6 5. d3 d6 6. c3 O-O 7. Bg5 a5 8. a4 h6 
9. Bh4 g5 10. Bg3 Kg7 11. Nbd2 Ba7 12. Nb3 Bb6 13. Kh1 Bd7 14. Bb5 Ne7 
15. Bxd7 Nxd7 16. d4 f5 17. exf5 e4 18. Nfd2 d5 19. c4 Nxf5 20. cxd5 Nxg3+ 
21. hxg3 Nf6 22. Nc4 h5 23. Nbd2 Qxd5 24. Ne3 Qe6 25. Ndc4 Rad8 26. Nxb6 Qxb6 
27. Qc2 Kg6 28. Rad1 Rxd4 29. Rxd4 Qxd4 30. Qxc7 Ng4 31. Nxg4 hxg4 32. Qe7 Rxf2 
33. Rxf2 Qxf2 34. Qxe4+ Kh6 35. Qe5 b6 36. Kh2 Kg6 37. b3 Qc5 38. Qe6+ Kh5 
39. Qf6 Qc2 40. Qxb6 Qxg2+ 41. Kxg2 1/2-1/2

[Event "Wednesday April 4 Engine Tour 9 Rd Swiss 12m+1s Starts at 1600hrs ST"]
[Site "Infinity Chess"]
[Date "2018.4.4"]
[Round "4"]
[White "MiKachomiKa QueeN"]
[Black "KillBill2017"]
[Result "1/2-1/2"]
[ECO "C50"]
[WhiteElo "2442"]
[BlackElo "2422"]
[WhiteEngine "BrainFish_180401_x64_modern"]
[BlackEngine "Raubfisch ME262_GTZ17_CTG"]
[EventType "Swiss"]
[WhiteTeam ""]
[BlackTeam ""]
[PlyCount "151"]
[TimeControl "720+1"]

1. e4 e5 2. Nf3 Nc6 3. Bc4 Bc5 4. O-O Nf6 5. d3 d6 6. c3 a5 7. Nbd2 O-O 
8. Re1 h6 9. Nf1 Be6 10. Bb5 Ne7 11. h3 Bb6 12. d4 exd4 13. Nxd4 Ng6 14. Ng3 c6 
15. Bd3 Re8 16. f4 Bd7 17. Bc2 a4 18. a3 Ne7 19. Bd2 c5 20. Nf3 Bc6 21. Qe2 Ng6 
22. Qf2 Qc7 23. c4 Ba5 24. Bxa5 Rxa5 25. Nh2 b5 26. Ng4 Nxg4 27. hxg4 bxc4 
28. Rad1 Raa8 29. Nf5 Rad8 30. Qd2 f6 31. Bb1 Qc8 32. Qe3 Qe6 33. Qg3 d5 
34. exd5 Rxd5 35. Rc1 Qd7 36. Rxe8+ Qxe8 37. Qe3 Qd7 38. Kh2 Rd2 39. Rc2 Rxc2 
40. Bxc2 Qd5 41. Qf2 Kf7 42. Qe2 Bd7 43. g3 Bc6 44. Qxc4 Qxc4 45. Nd6+ Ke6 
46. Nxc4 Ne7 47. Kg1 Bf3 48. Kf2 Bxg4 49. Ne3 Bf5 50. Bxa4 Be4 51. Bd1 Kd6 
52. Be2 Kc7 53. Bf3 Bd3 54. Be2 Be4 55. Bc4 Nf5 56. g4 Ne7 57. f5 Nc6 
58. Be2 Nd4 59. Nf1 Bc2 60. Ne3 Be4 61. Nf1 Bc2 62. Ng3 g6 63. fxg6 Bxg6 
64. Bc4 Bc2 65. Ke3 f5 66. Nxf5 Nxf5+ 67. gxf5 Bxf5 68. b3 h5 69. Kf4 Bd7 
70. Kg5 Bg4 71. a4 Kb6 72. Bd5 Ka5 73. Bf7 Kb4 74. Bxh5 c4 75. Bxg4 cxb3 76. Bd7 
1/2-1/2

[Event "Wednesday April 4 Engine Tour 9 Rd Swiss 12m+1s Starts at 1600hrs ST"]
[Site "Infinity Chess"]
[Date "2018.4.4"]
[Round "4"]
[White "RonWeasley"]
[Black "hafaba"]
[Result "1/2-1/2"]
[ECO "A50"]
[WhiteElo "2447"]
[BlackElo "2450"]
[WhiteEngine "BrainFish 010418 WM_CTG"]
[BlackEngine "Eman 1.70-beta13 64-bit POPCNT"]
[EventType "Swiss"]
[WhiteTeam ""]
[BlackTeam ""]
[PlyCount "142"]
[TimeControl "720+1"]

1. d4 Nf6 2. c4 c6 3. Nf3 e6 4. Bf4 d5 5. e3 Bd6 6. Bxd6 Qxd6 7. Nc3 O-O 
8. Rc1 Nbd7 9. Bd3 b6 10. O-O Bb7 11. e4 Nxe4 12. Nxe4 dxe4 13. Bxe4 Nf6 
14. Qc2 Qf4 15. Rfe1 Rfd8 16. c5 h6 17. g3 Qc7 18. Bd3 a5 19. Red1 a4 
20. Qc3 bxc5 21. dxc5 Nd5 22. Qe1 Qa5 23. Rd2 Nf6 24. Ne5 Kf8 25. a3 Ne4 
26. Rdc2 Qxe1+ 27. Rxe1 Nf6 28. Be2 Nd7 29. Nxd7+ Rxd7 30. Rd1 Rxd1+ 
31. Bxd1 Rd8 32. Bf3 Rd4 33. Be2 Ke7 34. Kf1 Rd5 35. Ke1 g5 36. Rc4 Ba6 
37. Rxa4 Bxe2 38. Ra7+ Kf6 39. Kxe2 Rxc5 40. Rb7 Rc2+ 41. Ke3 Ke5 42. Rb3 Kd6 
43. a4 Rc5 44. Kd2 Ra5 45. Ra3 g4 46. Ke3 Kc5 47. Rc3+ Kb6 48. Rc4 Re5+ 
49. Kf4 Re2 50. Kxg4 Rxf2 51. h4 Rxb2 52. Kh5 Rg2 53. g4 f5 54. gxf5 exf5 
55. Rf4 c5 56. Rxf5 c4 57. a5+ Kc6 58. Rf3 Kc5 59. Kxh6 Kc6 60. Ra3 Kb5 
61. a6 Rg8 62. h5 Kb4 63. Ra2 c3 64. Kh7 Ra8 65. h6 Ra7+ 66. Kg6 Ra8 67. h7 Kb3 
68. Rh2 Rxa6+ 69. Kf5 Ra5+ 70. Ke4 Ra8 71. h8=Q Rxh8 1/2-1/2

[Event "Wednesday April 4 Engine Tour 9 Rd Swiss 12m+1s Starts at 1600hrs ST"]
[Site "Infinity Chess"]
[Date "2018.4.4"]
[Round "4"]
[White "KRAKEN"]
[Black "Thinker"]
[Result "1/2-1/2"]
[ECO "D31"]
[WhiteElo "2464"]
[BlackElo "2453"]
[WhiteEngine "Raubfisch ME262_GTZ17_CTG"]
[BlackEngine "BrainFish_180329_x64_modern_CTG"]
[EventType "Swiss"]
[WhiteTeam ""]
[BlackTeam ""]
[PlyCount "164"]
[TimeControl "720+1"]

1. d4 d5 2. c4 e6 3. Nc3 c6 4. e3 Nf6 5. Nf3 Nbd7 6. Qc2 Bd6 7. Bd3 dxc4 
8. Bxc4 b5 9. Be2 O-O 10. O-O Bb7 11. Bd2 Qb8 12. Rac1 Rc8 13. Ne4 Nxe4 
14. Qxe4 c5 15. Qh4 a6 16. Rfd1 h6 17. h3 Nf6 18. dxc5 Rxc5 19. Rxc5 Bxc5 
20. Bc3 Be7 21. Be5 Qe8 22. Qg3 Nh5 23. Qg4 Nf6 24. Qg3 Qf8 25. Bd3 Rd8 
26. Nd4 Nh5 27. Qg4 Nf6 28. Qg3 Rd5 29. f4 Rd8 30. Bc2 Rc8 31. Bb1 Ne4 
32. Qg4 Nf6 33. Qg3 Ne4 34. Qg4 Rc5 35. a3 Nf6 36. Qg3 Rc8 37. f5 Nh5 
38. Qf2 Rc5 39. Bh2 e5 40. Nb3 Rd5 41. Rc1 Qb8 42. Qe2 Nf6 43. Kh1 Rd8 
44. e4 Rc8 45. Re1 Bc5 46. Rd1 Bb6 47. Nd2 Rc6 48. Nf3 Bc7 49. Bg3 Rd6 
50. Re1 Rc6 51. Ba2 Rc5 52. Qd3 Qa8 53. Nd2 Qd8 54. Qxd8+ Bxd8 55. Bb1 a5 
56. Kh2 a4 57. Rd1 Bc7 58. Bd3 Rc6 59. Bxb5 Rc2 60. Bxa4 Rxb2 61. Nc4 Ra2 
62. Bb3 Re2 63. Re1 Rxe1 64. Bxe1 Bxe4 65. Bc3 Bd5 66. Nd2 g6 67. fxg6 fxg6 
68. g3 Bxb3 69. Nxb3 Kf7 70. Bd2 h5 71. a4 Nd5 72. Kg2 Ke6 73. a5 e4 
74. Nd4+ Kd6 75. a6 Bb6 76. a7 Bxa7 77. Nb5+ Kc5 78. Nxa7 Kb6 79. Nc8+ Kc7 
80. Na7 Kb6 81. Nc8+ Kc7 82. Na7 Kb6 1/2-1/2

[Event "Wednesday April 4 Engine Tour 9 Rd Swiss 12m+1s Starts at 1600hrs ST"]
[Site "Infinity Chess"]
[Date "2018.4.4"]
[Round "4"]
[White "Harry_Potter"]
[Black "Marsell"]
[Result "1/2-1/2"]
[ECO "D10"]
[WhiteElo "2474"]
[BlackElo "2469"]
[WhiteEngine "asmFishW_2018-03-27_bmi2_CTG"]
[BlackEngine "asmFishW_2018-04-02_bmi2"]
[EventType "Swiss"]
[WhiteTeam ""]
[BlackTeam ""]
[PlyCount "71"]
[TimeControl "720+1"]

1. d4 d5 2. c4 c6 3. cxd5 cxd5 4. Bf4 Nc6 5. e3 Nf6 6. Nc3 a6 7. Bd3 Bg4 
8. Nge2 e6 9. Rc1 Bd6 10. f3 Bh5 11. Na4 Bg6 12. Bxg6 hxg6 13. Qb3 Na5 
14. Qb6 Bxf4 15. Nxf4 Nc4 16. Qxd8+ Rxd8 17. Kf2 g5 18. Nd3 g4 19. Nac5 gxf3 
20. Kxf3 Nd6 21. Ne5 Rh6 22. a4 Nfe4 23. Nxe4 Nxe4 24. Nd3 Kd7 25. Ne5+ Ke8 
26. Nd3 Kd7 27. Nc5+ Nxc5 28. Rxc5 Kd6 29. h3 Re8 30. Rd1 Rf6+ 31. Ke2 Rg6 
32. Kf2 Rf6+ 33. Kg3 Rg6+ 34. Kf2 Rf6+ 35. Ke2 Rg6 36. Kf2 1/2-1/2

[Event "Wednesday April 4 Engine Tour 9 Rd Swiss 12m+1s Starts at 1600hrs ST"]
[Site "Infinity Chess"]
[Date "2018.4.4"]
[Round "4"]
[White "SkyPilot"]
[Black "THE_MACHINE"]
[Result "1/2-1/2"]
[ECO "C55"]
[WhiteElo "2487"]
[BlackElo "2491"]
[WhiteEngine "stockfish_x64_bmi2_2018_03_30_CTG"]
[BlackEngine "BrainFish_180401_x64_bmi2"]
[EventType "Swiss"]
[WhiteTeam ""]
[BlackTeam ""]
[PlyCount "158"]
[TimeControl "720+1"]

1. e4 e5 2. Nf3 Nc6 3. Bc4 Nf6 4. d3 Bc5 5. O-O d6 6. c3 O-O 7. h3 a5 
8. Nbd2 Be6 9. Bb5 h6 10. Re1 Qb8 11. Nf1 Qa7 12. Ne3 a4 13. Bxc6 bxc6 
14. Nh4 Kh7 15. Qf3 Bxe3 16. Bxe3 c5 17. Nf5 Ng8 18. Kh2 Qb7 19. d4 d5 
20. exd5 cxd4 21. Bd2 Bxd5 22. Qd3 g6 23. Rxe5 Qxb2 24. Rae1 Qxa2 25. Qxd4 c5 
26. Qxd5 Qxd5 27. Rxd5 gxf5 28. Rxc5 Rfd8 29. Bf4 Rdc8 30. Rxf5 Kg6 31. Rd5 Rxc3 
32. Rd6+ f6 33. Re2 Rc4 34. Be5 Re8 35. Re3 a3 36. Bxf6 Rxe3 37. Ba1+ Kf7 
38. fxe3 Rc1 39. Bh8 a2 40. Ra6 Rc2 41. Kg3 h5 42. h4 Ne7 43. Kf3 Nc6 44. g3 Nb4 
45. Ra4 Rc4 46. Bd4 Kg6 47. Ke4 Kh7 48. Kf3 Kg6 49. Ke4 Kh7 50. Kf5 Nc6 
51. Rxa2 Nxd4+ 52. exd4 Rxd4 53. Ke5 Rg4 54. Ra3 Kh6 55. Kf5 Kg7 56. Rb3 Kh6 
57. Ra3 Kh7 58. Rf3 Kh6 59. Kf6 Rg6+ 60. Ke5 Rg4 61. Rd3 Kg7 62. Rf3 Kg6 
63. Ra3 Kf7 64. Rb3 Kg7 65. Ke6 Kg6 66. Ke5 Kf7 67. Rf3+ Kg6 68. Rb3 Kh6 
69. Kf6 Rg6+ 70. Ke5 Rg4 71. Rb6+ Kg7 72. Rb7+ Kh6 73. Rb3 Kh7 74. Kf6 Rg6+ 
75. Ke5 Rg4 76. Rb1 Rxg3 77. Ra1 Kh6 78. Rb1 Rg4 79. Kf5 Rxh4 1/2-1/2

[Event "Wednesday April 4 Engine Tour 9 Rd Swiss 12m+1s Starts at 1600hrs ST"]
[Site "Infinity Chess"]
[Date "2018.4.4"]
[Round "4"]
[White "MarioDeMonti"]
[Black "MCDermont"]
[Result "1/2-1/2"]
[ECO "C08"]
[WhiteElo "2511"]
[BlackElo "2505"]
[WhiteEngine "stockfish_x64_bmi2_2018_02_18_CTG"]
[BlackEngine "BrainFish 010418 WM_CTG"]
[EventType "Swiss"]
[WhiteTeam ""]
[BlackTeam ""]
[PlyCount "138"]
[TimeControl "720+1"]

1. e4 e6 2. d4 d5 3. Nd2 c5 4. exd5 exd5 5. Ngf3 Nf6 6. Bb5+ Bd7 7. Bxd7+ Nbxd7 
8. O-O Be7 9. dxc5 Nxc5 10. Nb3 Nce4 11. Nfd4 Nd6 12. Re1 O-O 13. c3 Re8 
14. Bg5 h6 15. Bh4 Qb6 16. Qc2 Nc4 17. f3 Bf8 18. Bf2 Rxe1+ 19. Rxe1 Re8 
20. Rxe8 Nxe8 21. Ne2 Qb5 22. Nec1 Nc7 23. Nd3 Qa4 24. Qb1 Ne6 25. Nd4 Nxd4 
26. Bxd4 Qa6 27. h3 Bd6 28. Nb4 Qb5 29. Qf5 Qe8 30. Kf2 Nxb2 31. Qxd5 Bxb4 
32. cxb4 Nd3+ 33. Kg1 Nf4 34. Qc5 a6 35. Kh2 Ne6 36. Qd5 Nxd4 37. Qxd4 Qe7 
38. a3 Qc7+ 39. f4 b5 40. Qe4 Qc1 41. Qe8+ Kh7 42. Qxf7 Qe3 43. Qf5+ Kh8 
44. Qg4 Qxa3 45. Qc8+ Kh7 46. Qf5+ Kh8 47. Qe4 Qb3 48. Qe8+ Kh7 49. Qe4+ Kg8 
50. h4 Kf7 51. h5 Kf8 52. g3 Kf7 53. Kh3 Qc4 54. Qf5+ Kg8 55. Qe5 Qxb4 
56. Qd5+ Kh7 57. Qd3+ Kg8 58. Qd5+ Kh7 59. Qf5+ Kg8 60. Qe6+ Kh7 61. Qxa6 Qc4 
62. Qg6+ Kh8 63. Qe8+ Kh7 64. Kg4 Qd3 65. f5 b4 66. Qg6+ Kh8 67. Qe8+ Kh7 
68. Qg6+ Kh8 69. Qe8+ Kh7 1/2-1/2

[Event "Wednesday April 4 Engine Tour 9 Rd Swiss 12m+1s Starts at 1600hrs ST"]
[Site "Infinity Chess"]
[Date "2018.4.4"]
[Round "4"]
[White "Brtroy"]
[Black "star99"]
[Result "1-0"]
[ECO "B50"]
[WhiteElo "2510"]
[BlackElo "2428"]
[WhiteEngine "Stockfish_18040103_x64_bmi2_CTG"]
[BlackEngine "Cryptic Heroes 9.2B"]
[EventType "Swiss"]
[WhiteTeam ""]
[BlackTeam ""]
[PlyCount "223"]
[TimeControl "720+1"]

1. e4 c5 2. Nf3 d6 3. Nc3 Nf6 4. Be2 Nc6 5. O-O e5 6. Bc4 Be7 7. d3 O-O 8. a4 h6 
9. h3 Be6 10. Re1 Nd7 11. Nd5 Nb6 12. Bb3 Na5 13. Nxe7+ Qxe7 14. Bxe6 fxe6 
15. c3 Nd7 16. b4 cxb4 17. cxb4 Nc6 18. Bd2 a5 19. bxa5 Nc5 20. Bc3 Rf4 
21. Re3 Nxa5 22. d4 exd4 23. Nxd4 Nc4 24. Rg3 Ne5 25. Ne2 Rf7 26. Qc2 b6 
27. Bd4 Qd7 28. Nc3 Qc6 29. Kh2 Kh8 30. Re3 Rfa7 31. f4 Nc4 32. Rg3 e5 
33. fxe5 Nxe5 34. Qe2 Qe8 35. Rf1 Nc6 36. Be3 Qe6 37. Qc2 Re8 38. Rb1 Rb8 
39. Bg1 Ne5 40. Qd1 Kh7 41. Rb4 Nc6 42. Rb2 Ne5 43. Rd2 Rd7 44. Rd4 Qb3 
45. Qe1 Qf7 46. Nd5 Qf8 47. Qe2 Rdb7 48. Rb4 Nc6 49. Rb1 Kh8 50. Nc3 Ra7 
51. Rd1 Rba8 52. Qb2 Ne5 53. Qxb6 Nxa4 54. Nxa4 Rxa4 55. Rxd6 Rxe4 56. Qb7 Re1 
57. Bd4 Rb8 58. Qc7 Re8 59. Ra6 Re7 60. Qc2 h5 61. Bc3 Rf1 62. Ra4 Qe8 
63. Qb3 Qf7 64. Ra8+ Kh7 65. Qxf7 Rfxf7 66. Rg5 Nc6 67. h4 Re6 68. Rxh5+ Kg6 
69. Rah8 Rf5 70. Rxf5 Kxf5 71. Bxg7 Kg4 72. Bb2 Ne5 73. Rd8 Nc6 74. Rh8 Ne5 
75. Ra8 Nc4 76. Ra4 Re4 77. Bf6 Nd6 78. Ra8 Re8 79. Ra7 Kf5 80. Be7 Ne4 
81. Kh3 Rb8 82. Ra5+ Ke6 83. Bg5 Rb3+ 84. Kh2 Nf2 85. Ra6+ Ke5 86. Ra4 Rd3 
87. g4 Ne4 88. Ra5+ Ke6 89. Bf4 Rd4 90. Ra6+ Kd7 91. h5 Nc5 92. Rd6+ Rxd6 
93. Bxd6 Ne4 94. Bf4 Ke6 95. Kh3 Nf6 96. Kh4 Nd5 97. Bd2 Ne7 98. g5 Nd5 
99. g6 Kf6 100. Bg5+ Kg7 101. Kg4 Nc3 102. Kf5 Kf8 103. h6 Ke8 104. h7 Kd7 
105. g7 Nb5 106. g8=Q Nd6+ 107. Kg4 Ne4 108. Qd5+ Kc7 109. h8=Q Nf2+ 
110. Kf5 Kb6 111. Qb8+ Ka6 112. Qa2# 1-0

[Event "Wednesday April 4 Engine Tour 9 Rd Swiss 12m+1s Starts at 1600hrs ST"]
[Site "Infinity Chess"]
[Date "2018.4.4"]
[Round "3"]
[White "Mr Aj"]
[Black "Seliga"]
[Result "1/2-1/2"]
[ECO "A06"]
[WhiteElo "2427"]
[BlackElo "2473"]
[WhiteEngine "Houdini 6"]
[BlackEngine "SF9 ''M24''_CTG"]
[EventType "Swiss"]
[WhiteTeam ""]
[BlackTeam ""]
[PlyCount "231"]
[TimeControl "720+1"]

1. Nf3 d5 2. d4 Nf6 3. c4 e6 4. Nc3 c6 5. Bg5 h6 6. Bxf6 Qxf6 7. e3 Nd7 
8. Bd3 dxc4 9. Bxc4 g6 10. O-O Bg7 11. e4 e5 12. d5 Nb6 13. Nd2 O-O 14. Bb3 h5 
15. h3 Bh6 16. Nf3 c5 17. Bc2 c4 18. Nh2 Bd7 19. Qe2 Rac8 20. a4 Rc5 21. a5 Nc8 
22. Ba4 Bxa4 23. Rxa4 Nd6 24. Nf3 Re8 25. Rfa1 Qe7 26. Nd2 Rec8 27. Nf1 Qg5 
28. Qe1 Re8 29. Ne3 Rec8 30. R4a3 R5c7 31. Nf1 a6 32. Rd1 Qd8 33. Nd2 Nb5 
34. Ra2 Qf6 35. Ndb1 Bf8 36. Na4 Rd8 37. Nac3 Bc5 38. Nd2 Nd6 39. g3 Rf8 
40. Kg2 Qd8 41. h4 Ba7 42. Ra3 Qe8 43. Qe2 f6 44. Ra4 Bd4 45. Rb4 Qd7 
46. Nf3 Bc5 47. Ra4 Kg7 48. Re1 Nb5 49. Qd1 Nd6 50. Qc1 Qe8 51. Qd2 Rcf7 
52. Qd1 Kh8 53. Rf1 Ba7 54. Qe2 Kg8 55. Nd2 Bd4 56. Raa1 Qc8 57. Nf3 Qc7 
58. Rfc1 Bc5 59. Ra4 Qe7 60. Rf1 Qd7 61. Qe1 Bd4 62. Ra1 Rg7 63. Qe2 Qc7 
64. Rh1 Bc5 65. Ra4 Qe7 66. Rc1 Qd7 67. Rf1 Bd4 68. Raa1 Qc7 69. Rh1 Rgf7 
70. Rhc1 Qc8 71. Rc2 Ba7 72. Nd1 Qd8 73. Nc3 Bc5 74. Nd1 Ba7 75. Nc3 Kg7 
76. Ra4 Kh6 77. Ra1 Kg7 78. Ra4 Qe7 79. Nd1 Qd7 80. Ra1 Qd8 81. Rac1 Qxa5 
82. Nd2 b5 83. b3 cxb3 84. Rc6 Qb4 85. Rb1 Nc4 86. Nxc4 bxc4 87. Rxc4 Qb5 
88. Nc3 Qb7 89. Rc6 Bd4 90. Qc4 Rb8 91. Ne2 a5 92. Nxd4 exd4 93. Qxd4 Qb5 
94. e5 fxe5 95. Qe4 Rf5 96. Rc7+ Kf8 97. Qe3 Qxd5+ 98. Kg1 Qd4 99. Qh6+ Ke8 
100. Rb2 Qd1+ 101. Kg2 Qd5+ 102. Kh2 Qd4 103. Qxg6+ Kd8 104. Rc1 Rxf2+ 
105. Rxf2 Qxf2+ 106. Kh3 Qd4 107. Qg5+ Kd7 108. Qxh5 Qd6 109. Qf7+ Kd8 
110. Qg8+ Kd7 111. Qg7+ Kd8 112. Qh8+ Kd7 113. Qh7+ Kd8 114. Qh8+ Kd7 
115. Qh7+ Kd8 116. Qh8+ 1/2-1/2

[Event "Wednesday April 4 Engine Tour 9 Rd Swiss 12m+1s Starts at 1600hrs ST"]
[Site "Infinity Chess"]
[Date "2018.4.4"]
[Round "3"]
[White "ocirema"]
[Black "angriff"]
[Result "1/2-1/2"]
[ECO "C55"]
[WhiteElo "2409"]
[BlackElo "2404"]
[WhiteEngine "asmFishW_2018-04-01_popcnt_CTG"]
[BlackEngine "DracoREX 3.07 64BIT POPCNT_CTG"]
[EventType "Swiss"]
[WhiteTeam ""]
[BlackTeam ""]
[PlyCount "35"]
[TimeControl "720+1"]

1. e4 e5 2. Nf3 Nc6 3. Bc4 Nf6 4. d3 Bc5 5. O-O d6 6. c3 a5 7. Bb3 O-O 8. Bg5 h6 
9. Bh4 g5 10. Bg3 g4 11. Nh4 Nh5 12. Kh1 Qg5 13. a4 Bd7 14. Na3 Bb6 15. Nc4 Bc5 
16. Na3 Bb6 17. Nc4 Bc5 18. Na3 1/2-1/2

[Event "Wednesday April 4 Engine Tour 9 Rd Swiss 12m+1s Starts at 1600hrs ST"]
[Site "Infinity Chess"]
[Date "2018.4.4"]
[Round "3"]
[White "star99"]
[Black "Vimtiroba"]
[Result "1-0"]
[ECO "C24"]
[WhiteElo "2413"]
[BlackElo "2394"]
[WhiteEngine "Cryptic Heroes 9.2B"]
[BlackEngine "AsmFish@ ''A3''_CTG"]
[EventType "Swiss"]
[WhiteTeam ""]
[BlackTeam ""]
[PlyCount "189"]
[TimeControl "720+1"]

1. e4 e5 2. Bc4 Nf6 3. d3 Nc6 4. Nf3 Bc5 5. c3 O-O 6. O-O d6 7. a4 a6 8. b4 Bb6 
9. Re1 Qe7 10. h3 h6 11. d4 Qd8 12. d5 Ne7 13. a5 Ba7 14. Bf1 c6 15. c4 cxd5 
16. exd5 Bd7 17. Nc3 Rc8 18. Be3 Bxe3 19. Rxe3 Re8 20. Nd2 Bf5 21. Na4 Rb8 
22. Re1 Bg6 23. Rc1 Nc8 24. Nb3 Qd7 25. Ra1 Ne7 26. Qd2 Qd8 27. Rac1 Nc8 
28. Qb2 Bf5 29. Qa3 Ne4 30. Qa2 Nf6 31. Rcd1 Bg6 32. c5 Bh5 33. Be2 Bxe2 
34. Qxe2 Na7 35. Nc3 Nc8 36. Qc4 Ne7 37. Nd2 Nf5 38. Nce4 Nxe4 39. Nxe4 dxc5 
40. bxc5 Qxa5 41. d6 Nd4 42. Qd5 Nc6 43. Re3 Qd8 44. Nd2 Qh4 45. Rf3 Re6 
46. Ne4 Qd8 47. Rb1 Qd7 48. Rfb3 Kh7 49. Rb6 f5 50. Nd2 Ree8 51. Nc4 e4 
52. R6b2 Kg6 53. Rd1 a5 54. Nb6 Qf7 55. Qxf7+ Kxf7 56. Nd7 Rbc8 57. Rxb7 Nd8 
58. Rb6 Nc6 59. g4 g6 60. Rb7 Nd8 61. Ra7 Nc6 62. Ne5+ Ke6 63. Nxc6 Rxc6 
64. Rxa5 f4 65. Ra4 Rxc5 66. Rxe4+ Kd7 67. Rxf4 h5 68. Kg2 hxg4 69. hxg4 Rd8 
70. Rf6 g5 71. Rd3 Ke8 72. Rf5 Rc4 73. Rxg5 Kd7 74. Rg7+ Ke6 75. Kg3 Kf6 
76. Rh7 Re4 77. Rh6+ Kg5 78. Rh5+ Kg6 79. f4 Re1 80. f5+ Kg7 81. Kf4 Rb1 
82. Kg5 Rg8 83. Rh6 Kf7+ 84. Rg6 Rxg6+ 85. fxg6+ Kg7 86. d7 Rb8 87. Rf3 Rb5+ 
88. Rf5 Rb8 89. Rf7+ Kg8 90. Kh6 Rd8 91. Rg7+ Kh8 92. Re7 Rf8 93. g7+ Kg8 
94. gxf8=Q+ Kxf8 95. d8=Q# 1-0

[Event "Wednesday April 4 Engine Tour 9 Rd Swiss 12m+1s Starts at 1600hrs ST"]
[Site "Infinity Chess"]
[Date "2018.4.4"]
[Round "3"]
[White "CrapCleaner"]
[Black "MiKachomiKa QueeN"]
[Result "1/2-1/2"]
[ECO "C55"]
[WhiteElo "2417"]
[BlackElo "2443"]
[WhiteEngine "Raubfisch ME262_GTZ16e2_CTG"]
[BlackEngine "BrainFish_180401_x64_modern"]
[EventType "Swiss"]
[WhiteTeam ""]
[BlackTeam ""]
[PlyCount "50"]
[TimeControl "720+1"]

1. e4 e5 2. Nf3 Nc6 3. Bc4 Nf6 4. d3 Bc5 5. c3 d6 6. O-O O-O 7. Bg5 h6 8. Bh4 g5 
9. Bg3 a6 10. a4 Ba7 11. b4 Ne7 12. Nbd2 Kg7 13. d4 Nh5 14. Kh1 f5 15. exf5 Nxf5 
16. Qe2 exd4 17. Nxd4 Qe8 18. Qd3 Qg6 19. Rfe1 Nfxg3+ 20. fxg3 Qxd3 21. Bxd3 Nf6 
22. Re7+ Rf7 23. Ree1 Rf8 24. Re7+ Rf7 25. Ree1 Rf8 1/2-1/2

[Event "Wednesday April 4 Engine Tour 9 Rd Swiss 12m+1s Starts at 1600hrs ST"]
[Site "Infinity Chess"]
[Date "2018.4.4"]
[Round "3"]
[White "RonWeasley"]
[Black "KillBill2017"]
[Result "1/2-1/2"]
[ECO "D30"]
[WhiteElo "2448"]
[BlackElo "2421"]
[WhiteEngine "BrainFish 010418 WM_CTG"]
[BlackEngine "Raubfisch ME262_GTZ17_CTG"]
[EventType "Swiss"]
[WhiteTeam ""]
[BlackTeam ""]
[PlyCount "79"]
[TimeControl "720+1"]

1. d4 d5 2. c4 e6 3. Nf3 Nf6 4. Nc3 c6 5. Bg5 h6 6. Bxf6 Qxf6 7. e3 Nd7 
8. Be2 g6 9. O-O Bg7 10. e4 dxe4 11. Nxe4 Qf4 12. Qc2 f5 13. Ned2 c5 14. g3 Qd6 
15. Nh4 Kf7 16. d5 e5 17. Rae1 h5 18. Kg2 Nf6 19. b4 b6 20. bxc5 bxc5 
21. Ndf3 Nh7 22. Bd3 e4 23. Bxe4 fxe4 24. Rxe4 Nf8 25. Rfe1 Kg8 26. Ng5 Qf6 
27. Qd2 Bh6 28. f4 Rb8 29. Kg1 Bd7 30. d6 Bc6 31. Re5 Rd8 32. Ne6 Re8 
33. Rxc5 Bd7 34. Nxf8 Rxe1+ 35. Qxe1 Qd4+ 36. Qf2 Qd1+ 37. Qf1 Qd4+ 38. Qf2 Qd1+ 
39. Qf1 Qd4+ 40. Qf2 1/2-1/2